Map: Cyber Forest LE

Players

GOStephano (Stephano)

  • Race: Zerg Zerg
  • League: Grandmaster
  • Spawn Location: 5:00

soO - Winner!

  • Race: Zerg Zerg
  • Spawn Location: 11:00

Event: HomeStory Cup XIX

VOD

Have the link to the VOD?

Description

Time

  • Played on: June 28, 2019, 3:35 p.m.
  • Length: 9:20

All games in this series

Show
View Real Time Build Order
Export as new Build Order

GOStephano Zerg 

Build Orders: Pool First 

Get SALT Encoding   

  12  0:17  Spawning Pool  
  11  0:22  Drone  
  11  0:26  Drone  
  13  0:31  Drone  
  14  0:40  Overlord  
  14  0:53  Extractor  
  13  1:04  Zergling x4  
  15  1:05  Zergling x2, Queen  
  18  1:16  Zergling x2  
  19  1:27  Zergling x2  
  20  1:39  Drone  
  21  1:53  Metabolic Boost, Drone  
  21  2:04  Overlord  
  21  2:20  Hatchery  
  21  2:22  Zergling x4  
  20  2:39  Zergling x4, Baneling Nest  
  19  2:45  Zergling x2  
  19  2:49  Zergling x2  
  21  2:53  Zergling x2  
  22  2:59  Zergling x2  
  22  3:03  Zergling x2  
  24  3:09  Zergling x2  
  25  3:18  Zergling x2  
  26  3:22  Baneling x4  
  27  3:27  Zergling x2  
  27  3:33  Zergling x2  
  28  3:36  Zergling x2  
  28  3:46  Zergling x4  
  26  3:53  Zergling x2  
  25  3:57  Zergling x2  
  25  3:59  Zergling x2  
  26  4:05  Zergling x2  
  25  4:15  Drone x2  
  26  4:28  Zergling x6  
  26  4:33  Drone  
  26  4:37  Drone  
  27  4:42  Drone  
  27  4:51  Drone x2  
  25  5:03  Baneling, Evolution Chamber  
  25  5:04  Drone x2  
  26  5:13  Drone  
  26  5:18  Drone x3  
  29  5:25  Drone x3  
  29  5:27  Baneling  
  32  5:32  Zerg Missile Weapons Level 1  
  32  5:34  Drone  
  32  5:40  Overlord  
  32  5:46  Queen  
  34  5:51  Drone  
  35  5:58  Drone x2  
  35  5:59  Drone  
  35  6:00  Drone x2  
  40  6:05  Drone  
  40  6:08  Drone x2  
  43  6:14  Overlord  
  43  6:15  Extractor  
  42  6:19  Roach Warren  
  42  6:21  Queen  
  42  6:25  Overlord  
  43  6:28  Overlord  
  43  6:35  Overlord  
  43  6:50  Overlord  
  43  6:51  Overlord  
  43  6:59  Roach x8  
  59  7:06  Lair  
  59  7:12  Roach x2  
  63  7:20  Roach  
  63  7:21  Ravager  
  68  7:23  Roach x3  
  68  7:26  Roach  
  74  7:35  Roach x2  
  78  7:41  Roach  
  80  7:46  Drone x2  
  80  7:47  Drone  
  83  7:57  Roach x2  
  87  8:03  Overlord  
  86  8:09  Hatchery  
  85  8:15  Roach, Overlord  
  85  8:18  Roach  
  85  8:19  Overlord  
  89  8:25  Roach  
  85  8:27  Roach  
  85  8:32  Drone x5, Extractor  
  91  8:39  Extractor  
  91  8:41  Drone x3  
  93  8:48  Overlord  
  93  8:53  Overlord  
  93  9:02  Drone x2  
  95  9:05  Drone x2  
  97  9:18  Hatchery  
Show
View Real Time Build Order
Export as new Build Order

soO Zerg - Winner!

Build Orders: Pool First 

Get SALT Encoding   

  12  0:17  Spawning Pool  
  11  0:21  Drone  
  11  0:26  Drone  
  13  0:31  Drone  
  14  0:39  Overlord  
  14  1:03  Zergling x4  
  16  1:05  Zergling x2  
  17  1:15  Zergling x2  
  17  1:17  Hatchery  
  17  1:26  Zergling x2  
  17  1:32  Queen  
  18  1:37  Drone  
  21  1:49  Overlord  
  21  1:58  Drone  
  22  2:08  Queen  
  21  2:11  Drone  
  24  2:15  Spine Crawler  
  24  2:20  Drone  
  24  2:31  Drone x2  
  25  2:40  Drone x2  
  25  2:41  Drone x2  
  25  2:44  Drone  
  27  2:50  Queen  
  29  2:55  Drone  
  29  2:56  Drone  
  31  3:03  Drone  
  32  3:10  Drone  
  33  3:15  Overlord  
  33  3:16  Drone x3  
  36  3:25  Queen, Extractor x2  
  36  3:38  Spine Crawler  
  35  3:42  Drone x5  
  35  3:47  Zergling x4  
  38  3:48  Zergling x2  
  38  3:53  Zergling x2  
  34  4:05  Drone  
  34  4:06  Drone x3  
  34  4:08  Drone  
  34  4:09  Drone  
  40  4:21  Zergling x4  
  42  4:29  Zergling x2  
  40  4:34  Drone  
  40  4:45  Drone  
  42  4:46  Drone  
  42  4:48  Drone  
  42  4:51  Drone  
  42  4:55  Drone  
  39  5:01  Drone x2  
  39  5:02  Drone x2, Roach Warren  
  39  5:04  Overlord  
  42  5:12  Drone  
  43  5:16  Evolution Chamber  
  43  5:18  Drone x3  
  40  5:21  Overlord  
  40  5:35  Overlord  
  40  5:42  Roach x4  
  48  5:45  Zerg Missile Weapons Level 1  
  48  5:48  Lair  
  48  5:51  Drone x2  
  48  5:55  Roach  
  54  6:04  Roach x3  
  54  6:07  Overlord  
  58  6:13  Roach x2  
  62  6:21  Overlord  
  62  6:24  Drone x4  
  62  6:25  Extractor, Queen  
  65  6:28  Roach  
  65  6:30  Roach  
  71  6:37  Roach x2  
  75  6:41  Overlord  
  75  6:45  Glial Reconstitution, Overlord  
  75  6:48  Drone  
  75  6:50  Overlord  
  76  7:07  Roach  
  76  7:08  Roach x3  
  84  7:11  Hatchery  
  83  7:17  Overseer  
  83  7:21  Roach x3  
  89  7:31  Roach x2  
  89  7:32  Roach x2  
  99  7:53  Overlord  
  99  7:59  Drone  
  99  8:05  Drone  
  99  8:06  Drone  
  99  8:07  Overlord  
  99  8:11  Overlord  
  99  8:12  Drone x6  
  106  8:21  Drone  
  103  8:28  Drone  
  103  8:30  Extractor  
  103  8:31  Roach, Ravager x3  
  103  8:32  Ravager  
  103  8:33  Roach x2  
  103  8:34  Drone x2, Overlord  
  113  8:40  Overlord  
  115  8:46  Roach x2  
  119  8:50  Overlord  
  119  8:55  Extractor  
  118  8:56  Roach x4  
  118  8:58  Overlord  
Tags
 
Add a new tag
Caveats
  • Supply blocks, unpowered buildings, or Contaminate may cause inaccurate times.
  • Supply counts are checked every 10 seconds.